 Dungeon Crawl Stone Soup version 0.27.1-34-g3ba077fa99 (webtiles) character file.

Game seed: 4361726532597753989

103 porpoise the Sneak (level 5, -2/42 HPs)
             Began as a Formicid Brigand on Jan 6, 2022.
             Slain by Crazy Yiuf (5 damage)
             ... on level 2 of the Dungeon on Jan 8, 2022.
             The game lasted 00:08:35 (2415 turns).

porpoise the Sneak (Formicid Brigand)               Turns: 2415, Time: 00:08:35

Health: -2/42      AC:  4    Str: 22    XL:     5   Next: 6%
Magic:  5/5        EV: 16    Int: 11    God:
Gold:   95         SH:  0    Dex: 12    Spells: 4/4 levels left

rFire    . . .     SeeInvis +   a - +2 dagger
rCold    . . .     Faith    .   (no shield)
rNeg     . . .     Spirit   .   k - +0 robe
rPois    .         Reflect  .   (helmet unavailable)
rElec    .         Harm     .   c - +0 cloak
rCorr    .         Rampage  .   (no gloves)
Will     .....                  i - +0 pair of boots
Stlth    +++.......             j - amulet of regeneration
HPRegen  1.14/turn              t - +6 ring of strength
MPRegen  0.09/turn              (no ring)

@: agile
A: permanent stasis, dig shafts and tunnels, antennae 3, four strong arms
a: Dig, Shaft Self


You were on level 2 of the Dungeon.
You visited 1 branch of the dungeon, and saw 2 of its levels.

You collected 95 gold pieces.

Inventory:

Hand Weapons
 a - a +2 dagger (weapon)
 b - a +0 hunting sling
Missiles
 d - 84 stones
 e - 2 curare-tipped darts (quivered)
 g - 8 poisoned darts
 s - 13 arrows
Armour
 c - a +0 cloak (worn)
 i - a +0 pair of boots (worn)
 k - a +0 robe (worn)
Jewellery
 j - an amulet of regeneration (around neck)
 t - a +6 ring of strength (left hand)
Scrolls
 f - 2 scrolls of amnesia {unknown}
 h - a scroll of identify {unknown}
 l - a scroll of fog {unknown}
 m - a scroll of acquirement {unknown}
 o - 2 scrolls of teleportation {unknown}
 p - a scroll of enchant armour {unknown}
 q - a scroll of noise {unknown}
 r - a scroll of blinking {unknown}
Potions
 n - 2 potions of brilliance {unknown}


   Skills:
 * Level 3.7 Fighting
 * Level 3.4 Short Blades
 - Level 2.0 Throwing
 - Level 0.8 Dodging
 + Level 5.4 Stealth


You had 4 spell levels left.
You didn't know any spells.
Your spell library was empty.

Dungeon Overview and Level Annotations

Branches:
Dungeon (2/15)

Altars:

Annotations:
D:2 Crazy Yiuf


Innate Abilities, Weirdness & Mutations

You cannot be hasted, slowed, berserked, paralysed or teleported.
You can dig through walls and to a lower floor.
You have a pair of large antennae on your head. (SInv)
Your four strong arms can wield two-handed weapons with a shield.


Message History

t - a +6 ring of strength (left hand)
There is a stone staircase leading down here.
Found a scroll labelled GOQELAEFEL.
f - 2 scrolls labelled GOQELAEFEL (gained 1)
A frilled lizard comes into view.
A frilled lizard is nearby!
The frilled lizard hisses angrily.
You hit the frilled lizard.
You kill the frilled lizard!
Found a mace.
Found a runed translucent door.
Crazy Yiuf shouts!
You sense a monster nearby.
No target in view!
You open the door. You hit Crazy Yiuf.
Crazy Yiuf is moderately wounded.
Crazy Yiuf hits you but does no damage.
You hit Crazy Yiuf.
Crazy Yiuf is heavily wounded.
Crazy Yiuf hits you with a +4 quarterstaff of chaos!
You resist with some effort.
You closely miss Crazy Yiuf.
Crazy Yiuf is heavily wounded.
Crazy Yiuf hits you with a +4 quarterstaff of chaos!
You are electrocuted!!
* * * LOW HITPOINT WARNING * * *
You barely miss Crazy Yiuf.
Crazy Yiuf is heavily wounded.
Crazy Yiuf misses you.
You hit Crazy Yiuf.
Crazy Yiuf is severely wounded.
You hit Crazy Yiuf but do no damage.
Crazy Yiuf is severely wounded.
Crazy Yiuf hits you with a +4 quarterstaff of chaos!
* * * LOW HITPOINT WARNING * * *
You feel agile all of a sudden.
You hit Crazy Yiuf but do no damage.
Crazy Yiuf is severely wounded.
Crazy Yiuf hits you with a +4 quarterstaff of chaos.
You die...

.........# ########.#
.........# #######.##
#..# #.###♣♣♣♣♣
######.#.†..♣.♣♣♣ ###
..#.##....P..♣..♣#...#
.##.##......♣♣♣♣@g...#
.#..###...P♣♣ ♣♣#..)#
...## ####♣♣ ### #)..#
###)# ..#'# ### ##
....####.# .#
...##....# .#
..######.# #######.#


You could see Crazy Yiuf.

Vanquished Creatures
  Natasha (twice) (D:2)
  An adder (D:2)
  A gnoll (D:1)
  2 bats
  6 endoplasms
  2 giant cockroaches (D:1)
  A goblin (D:2)
  3 hobgoblins
  4 jackals (D:1)
  A quokka (D:1)
  4 ball pythons
  A frilled lizard (D:2)
  4 kobolds
  3 rats (D:1)
35 creatures vanquished.

Vanquished Creatures (others)
  A fungus (D:2)
1 creature vanquished.

Grand Total: 36 creatures vanquished

Notes
Turn   | Place    | Note
-------+----------+-------------------------------------------
     0 | D:1      | porpoise the Formicid Brigand began the quest for the Orb.
     0 | D:1      | Reached XP level 1. HP: 16/16 MP: 1/1
   207 | D:1      | Reached XP level 2. HP: 23/23 MP: 2/2
   215 | D:1      | Reached skill level 5 in Stealth
   387 | D:1      | Reached XP level 3. HP: 22/28 MP: 3/3
   602 | D:1      | Found a faded altar of an unknown god.
  1707 | D:2      | Reached XP level 4. HP: 30/35 MP: 4/4
  1728 | D:2      | Noticed Natasha
  1737 | D:2      | Killed Natasha
  2224 | D:2      | Noticed Natasha
  2238 | D:2      | Killed Natasha
  2239 | D:2      | Reached XP level 5. HP: 29/42 MP: 5/5
  2404 | D:2      | Found a runed translucent door.
  2405 | D:2      | Noticed Crazy Yiuf
  2414 | D:2      | HP: 2/42 [Crazy Yiuf (10)]
  2415 | D:2      | Slain by Crazy Yiuf

Illustrated notes

Levels and vault maps discovered:
D:1:      dpeg_arrival_short_road, layout_loops_ring,
          shapermc_ecumenical_altar_venn
D:2:      minmay_razor_zed, layout_loops_ring, uniq_jessica,
          uniq_crazy_yiuf_cottage, uniq_natasha

Skill      XL: |  1  2  3  4 |
---------------+-------------+-----
Stealth        | 5 |  5.4
Fighting       | 3 |  3.7
Short Blades   | 3 |  3.4
Throwing       | |  2.0
Dodging        | |  0.8

Action                   |  1- 3 |  4- 6 || total
-------------------------+-------+-------++-------
Melee: Dagger            |    78 |    46 ||   124
 Fire: Hunting sling     |    22 |       ||    22
Throw: Dart              |    10 |       ||    10
 Stab: Sleeping          |     5 |     1 ||     6
Armor: Robe              |    17 |     3 ||    20
Dodge: Dodged            |    47 |    21 ||    68
